AoeStats
← SC_Dead Rabbit "The original"

MegaRandom

506951565Analyzed
1v1 RM · 17d ago on Sep 15, 2026· 55m 24s· 2 players
Game mode
Random Map
Map size
Tiny (2 player)
Population
200
Speed
Normal
Resources
Standard
Victory
Conquest
Starting age
Dark Age
Ending age
Imperial Age
RankedLock teamsTeams togetherTeam positionsShared explorationLock speedFull tech treeHidden civsTurbo modeCheats
Victory
Defeat
🇺🇸 Franks · United States
801
+18
842
-18
eschoenly12
1:17 Loom
11:04 Feudal Age
26:30 Castle Age
24:50 Double-Bit Axe
26:23 Wheelbarrow
26:20 Scale Barding Armor
27:06 Forging
36:49 Fletching
37:00 Padded Archer Armor
49:55 Imperial Age
50:17 Chain Barding Armor
50:33 Iron Casting
50:01 Cavalier
51:28 Bow Saw
51:40 Bodkin Arrow
51:32 Light Cavalry
55:26 Plate Barding Armor
56:39 Hoardings
SC_Dead Rabbit "The original"
12:20 Loom
14:49 Feudal Age
15:47 Man-at-Arms
24:18 Castle Age
29:13 Forging
31:04 Gold Mining
33:46 Double-Bit Axe
33:58 Pikeman
37:09 Fletching
42:54 Bow Saw
Connection lost

Rejoining the realm…

Still unreachable

The connection could not be restored.

Session expired

The server has moved on; the page needs a fresh start.